 Dungeon Crawl Stone Soup version 0.28-a0-771-g91a516d0e7 (webtiles) character file.

Game seed: 4429840375274462804

273 Conn the Sneak (level 6, -10/57 HPs)
             Began as an Octopode Fire Elementalist on Nov 1, 2021.
             Mangled by a yak (16 damage)
             ... on level 5 of the Dungeon.
             The game lasted 00:04:10 (2304 turns).

Conn the Sneak (Octopode Fire Elementalist)         Turns: 2304, Time: 00:04:11

Health: -10/57     AC:  1    Str:  7    XL:     6   Next: 23%
Magic:  3/10       EV: 13    Int: 20    God:
Gold:   112        SH:  0    Dex: 12    Spells: 9/10 levels left

rFire   . . .      SeeInvis .   j - +2 dagger (protect)
rCold   . . .      Faith    .   (no shield)
rNeg    . . .      Spirit   .   (helmet restricted)
rPois   .          Reflect  .   (no amulet)
rElec   .          Harm     .   (no ring)
rCorr   .          Rampage  .   (no ring)
Will    .....                   (no ring)
Stlth   ..........              (no ring)
HPRegen 0.19/turn               (no ring)
MPRegen 0.12/turn               (no ring)
                                (no ring)
                                (no ring)

@: berserking, flying, very quick
A: almost no armour, amphibious, 8 rings, camouflage 1, gelatinous body 1,
(nimble swimmer 1), tentacles
a: no special abilities


You were on level 5 of the Dungeon.
You visited 1 branch of the dungeon, and saw 4 of its levels.

You collected 112 gold pieces.

Inventory:

Hand Weapons
 f - a +0 short sword
 j - a +2 dagger of protection (weapon)
Scrolls
 a - 2 scrolls of identify
 b - a scroll of acquirement {unknown}
 c - a scroll of summoning {unknown}
 e - 3 scrolls of immolation
 h - 5 scrolls of teleportation {unknown}
 o - a scroll of noise {unknown}
Potions
 g - a potion of brilliance {unknown}
 i - a potion of curing
 k - a potion of magic {unknown}
 l - a potion of heal wounds {unknown}
 m - a potion of haste {unknown}
 n - a potion of flight


   Skills:
 + Level 1.0 Fighting
 + Level 1.4 Short Blades
 + Level 2.9 Dodging
 + Level 4.7 Stealth
 + Level 2.9 Spellcasting
 + Level 2.2 Conjurations
 + Level 4.2 Fire Magic


You had 9 spell levels left.
You knew the following spells:

 Your Spells              Type           Power      Damage    Failure   Level
a - Foxfire               Conj/Fire      60%        2x1d7     3%          1

Your spell library contained the following spells:

 Spells                   Type           Power      Damage    Failure   Level
 Scorch                   Fire           38%        2d7       3%          2
 Conjure Flame            Conj/Fire      15%        6-21      12%         3
 Inner Flame              Hex/Fire       11%        N/A       19%         3
 Flame Wave               Conj/Fire      15%        3d5       36%         4


Dungeon Overview and Level Annotations

Branches:
Dungeon (3/15)

Altars:


Innate Abilities, Weirdness & Mutations

You cannot wear most types of armour.
You are amphibious.
You can wear up to eight rings at the same time.
Your skin changes colour to match your surroundings (Stealth+).
Your rubbery body absorbs attacks. (AC +1, EV +1)
((You are camouflaged near water. (Stealth+)))
You have tentacles for arms and can constrict up to eight enemies at once.


Message History

The yak is lightly wounded.
The yak gores you!
Unknown command.
You hit the yak but do no damage.
The yak is lightly wounded.
The yak completely misses you.
Unknown command.
You hit the yak but do no damage.
The yak is lightly wounded.
The yak gores you.
Unknown command.
A gnoll comes into view. It is wielding a +0 whip.
The gnoll moves out of view.
A gnoll comes into view. It is wielding a +0 club.
The gnoll shouts!
You hear a shout!
A gnoll comes into view. It is wielding a +0 halberd.
The gnoll shouts!
A hound skeleton comes into view.
The yak gores you.
* * * LOW HITPOINT WARNING * * *
Found a leather armour.
A gnoll comes into view. It is wielding a +0 spear.
You see here a +0 leather armour.
As you read the scroll labelled CAAKHI FONNOED, it crumbles to dust.
It is a scroll of identify.
e - 3 scrolls of immolation The gnoll hits you with a +0 club.
* * * LOW HITPOINT WARNING * * *
Okay, then.
It was a potion of flight.
You feel very buoyant.
You fly up into the air.
The gnoll hits you with a +0 club.
* * * LOW HITPOINT WARNING * * *
Okay, then.
It was a potion of curing.
You feel better. The yak gores you!
* * * LOW HITPOINT WARNING * * *
It was a potion of berserk rage.
A red film seems to cover your vision as you go berserk!
You feel yourself moving faster!
You feel mighty! The yak gores you!
You die...

#### #..##
#...# #...###
##gg...##
#@Y.....##
###Y#Y...##
#.Y[.Y..#
........##...##
.......###Z...#
........#.Yg..#
...........Y.##
..........Y..##
#....g........#


You could see 4 yaks and 2 gnolls.

Vanquished Creatures
  An ogre (D:5)
  A water moccasin skeleton (D:5)
  A bullfrog zombie (D:5)
  A hound (D:5)
  2 adders (D:5)
  A worm (D:2)
  A dart slug (D:1)
  7 endoplasms
  A giant cockroach (D:2)
  A goblin (D:2)
  8 hobgoblins
  5 jackals
  5 quokkas
  7 ball pythons
  6 bats
  A frilled lizard (D:1)
  7 kobolds
  5 rats
61 creatures vanquished.

Vanquished Creatures (others)
  145 foxfires
145 creatures vanquished.

Grand Total: 206 creatures vanquished

Notes
Turn   | Place    | Note
-------+----------+-------------------------------------------
     0 | D:1      | Conn the Octopode Fire Elementalist began the quest for the
                  | Orb.
     0 | D:1      | Reached XP level 1. HP: 11/11 MP: 3/3
    63 | D:1      | Reached XP level 2. HP: 2/17 MP: 0/5
   926 | D:1      | Reached XP level 3. HP: 21/21 MP: 2/6
  1653 | D:2      | Reached XP level 4. HP: 21/27 MP: 1/7
  2107 | D:3      | You fall into a shaft and drop 2 floors!
  2107 | D:5      | Entered Level 5 of the Dungeon
  2107 | D:5      | Noticed an ogre
  2125 | D:5      | Killed an ogre
  2126 | D:5      | Reached skill level 1 in Short Blades
  2126 | D:5      | Reached XP level 5. HP: 32/32 MP: 0/8
  2253 | D:5      | Reached skill level 1 in Fighting
  2253 | D:5      | Reached XP level 6. HP: 24/38 MP: 1/10
  2265 | D:5      | Noticed a yak
  2275 | D:5      | Noticed a yak
  2275 | D:5      | Noticed a yak
  2275 | D:5      | Noticed a yak
  2304 | D:5      | Mangled by a yak

Illustrated notes

Levels and vault maps discovered:
D:1:      doesnt_arrival_eight_statues, layout_rooms, minmay_split_cup_small
D:2:      layout_rooms, chequers_serial_rivers_micro_c,
          chequers_hall_statues_wall_a, chequers_jeans, grunt_decor_arrowhead,
          grunt_ministairs_10
D:3:      layout_basic, serial_shops, shop, basic_ecumenical_altar,
          minmay_misc_feat_tiny, chequers_serial_rivers_small_3
D:5:      layout_cave_pools

Skill      XL: |  1  2  3  4  5 |
---------------+----------------+-----
Stealth        | 3 4 |  4.7
Short Blades   | 1 |  1.4
Fire Magic     | 4 |  4.2
Conjurations   | 2 |  2.2
Fighting       | 1 |  1.0
Dodging        | |  2.9
Spellcasting   | |  2.9

Action                   |  1- 3 |  4- 6 || total
-------------------------+-------+-------++-------
Melee: Unarmed           |     6 |       ||     6
       Constrict         |    15 |     4 ||    19
       Tentacles         |     6 |     1 ||     7
       Short sword       |     1 |       ||     1
       Dagger            |    44 |    17 ||    61
 Cast: Foxfire           |    51 |    35 ||    86
  Use: Potion            |       |     3 ||     3
       Scroll            |       |     1 ||     1
 Stab: Sleeping          |     4 |     2 ||     6
Armor: Skin              |    20 |     4 ||    24
Dodge: Dodged            |    44 |     7 ||    51

Table legend: (Time is in decaauts)
 A = Elapsed time spent in this place.
 B = Non-inter-level travel time spent in this place.
 C = Inter-level travel time spent in this place.
 D = Time resting spent in this place.
 E = Time spent auto-exploring this place.
 F = Levels seen in this place.
 G = Mean time per level.
                   A        B        C        D        E       F      G
               +--------+--------+--------+--------+--------+-----+--------+
         Total |   2301 |   2270 |     31 |      0 |   1731 |   4 |  575.2 |
       Dungeon |   2301 |   2270 |     31 |      0 |   1731 |   4 |  575.2 |
               +--------+--------+--------+--------+--------+-----+--------+

Top non-repeatable levels by time:
     D:1: 1063 daAuts
     D:2: 971 daAuts
     D:5: 195 daAuts
     D:3: 70 daAuts
